 Dungeon Sprint DCSS version 0.16-a0-3943-gb4b81e6 (webtiles) character file.

18 BluebellGnoll the Covert (level 2, -2/13 HPs)
             Began as a Spriggan Enchanter on Feb 8, 2015.
             Was an Initiate of Vehumet.
             Slain by a yak (15 damage)
             ... in the Dungeon (Sprint IX: "|||||||||||||||||||||||||||||").
             The game lasted 00:02:12 (277 turns).

BluebellGnoll the Covert (Spriggan Enchanter)        Turns: 277, Time: 00:02:12

Health: -2/13      AC:  3    Str:  7    XL:     2   Next: 51%
Magic:  7/7        EV: 18    Int: 19    God:    Vehumet [......]
Gold:   0          SH:  0    Dex: 16    Spells: 2 memorised, 3 levels left

rFire  . . .     SeeInvis +     p - +2 rapier (venom)
rCold  . . .     Clarity  .     b - +1 robe
rNeg   . . .     SustAb   .     (shield restricted)
rPois  .         Gourm    .     (helmet restricted)
rElec  .         Spirit   .     (no cloak)
rCorr  .         Warding  .     (gloves unavailable)
rMut   .         NoTele   +     (boots unavailable)
MR     .....                    (no amulet)
Stlth  +++++.....               q - +3 ring of intelligence
                                a - +3 ring of strength

@: very quick, not resistant to hostile enchantments, quite stealthy
A: unfitting armour, see invisible, herbivore 3, speed 3, slow metabolism 2
a: Renounce Religion


You were in the Dungeon.
You worshipped Vehumet.
Vehumet was noncommittal.
You were not hungry.

You visited 1 branch

Inventory:

Hand weapons
 p - a +2 rapier of venom (weapon)
Armour
 b - a +1 robe (worn)
Magical staves
 o - an uncursed staff of energy
Jewellery
 a - a +3 ring of strength (left hand)
 q - a +3 ring of intelligence (right hand)
Magical devices
 n - a wand of fire (7)
Scrolls
 j - 2 scrolls of blinking
 l - 3 scrolls of remove curse
 m - 2 scrolls of amnesia
Potions
 e - a potion of invisibility
 f - 3 potions of heal wounds
 g - a potion of haste
 h - 4 potions of magic
 i - a potion of berserk rage
 k - 4 potions of curing
Books
 c - a book of Maledictions

   Spells                             Type                      Level
   a - Corona                         Hexes                        1
   b - Sure Blade                     Hexes/Charms                 2
   c - Ensorcelled Hibernation        Hexes/Ice                    2
   d - Confuse                        Hexes                        3
   e - Dazzling Spray                 Conjuration/Hexes            3
   f - Enslavement                    Hexes                        4
Comestibles
 d - a bread ration


   Skills:
 - Level 1.1 Short Blades
 - Level 3.0 Dodging
 + Level 9.3 Stealth
 - Level 2.6 Spellcasting
 - Level 3.6 Hexes


You had 3 spell levels left.
You knew the following spells:

 Your Spells              Type           Power        Failure   Level  Hunger
a - Corona                Hex            ###....      4%          1    None
b - Ensorcelled Hibernat  Hex/Ice        #.....       14%         2    ##.....


Dungeon Overview and Level Annotations

Branches:
Dungeon (1/1)

Altars:
Cheibriados
Dithmenos
Elyvilon
Fedhas
Gozag
Kikubaaqudgha
Makhleb
Nemelex Xobeh
Okawaru
Qazlal
Ru
Sif Muna
Trog
Vehumet
Xom
Yredelemnul
Zin
The Shining One
Beogh
Jiyva
Lugonu


Innate Abilities, Weirdness & Mutations

You are tiny and cannot use many weapons and most armour.
You have supernaturally acute eyesight.
You are a herbivore.
You cover ground extremely quickly.
You need consume almost no food.


Message History

You feel stronger.
a - a +3 ring of strength (left hand) Put on which piece of jewellery? (? for menu, Esc to quit)
You feel clever.
q - a +3 ring of intelligence (right hand) Unknown command.
Okay, then.
You open the door.
A hound, a yak, a worker ant, a giant spore, an ogre and a zombie come into view.
There is an open door to the Dungeon here.
The helpless yak fails to defend itself.
You impale the yak!!
The yak is poisoned.
The yak is heavily wounded.
The hound barks!
The giant spore waves its rhizomes.
The ogre shouts!
The worker ant twitches its antennae in your direction.
The yak gores you!
Ouch! That really hurt!
You die...

▓+▓
▓a▓
▓Z▓
▓*▓
▓O▓
▓h▓
▓Y▓
▓@▓
▓.▓
▓.▓
▓[▓
▓[▓
▓[▓
▓)▓
▓.▓
▓.▓


You could see a yak, an ogre, a hound, a worker ant, a bat zombie and a giant
spore.

Vanquished Creatures
  A gnoll (D)
  An orc (D)
  A ball python (D)
  A bat (D)
  2 giant cockroaches (D)
  4 rats (D)
10 creatures vanquished.

Notes
Turn   | Place    | Note
--------------------------------------------------------------
     0 | D        | BluebellGnoll, the Spriggan Enchanter, began the quest for the Orb.
     0 | D        | Reached XP level 1. HP: 9/9 MP: 4/4
    10 | D        | Reached skill level 5 in Stealth
    13 | D        | Reached skill level 6 in Stealth
    26 | D        | Reached skill level 8 in Stealth
    26 | D        | Reached XP level 2. HP: 13/13 MP: 1/7
    42 | D        | Learned a level 2 spell: Ensorcelled Hibernation
   219 | D        | Reached skill level 9 in Stealth
   229 | D        | Found a glowing silver altar of Zin.
   229 | D        | Found a glowing golden altar of the Shining One.
   229 | D        | Found an ancient bone altar of Kikubaaqudgha.
   229 | D        | Found a basalt altar of Yredelemnul.
   229 | D        | Found a shimmering altar of Xom.
   229 | D        | Found a radiant altar of Vehumet.
   229 | D        | Found an iron altar of Okawaru.
   230 | D        | Found a burning altar of Makhleb.
   231 | D        | Found a deep blue altar of Sif Muna.
   232 | D        | Found a bloodstained altar of Trog.
   233 | D        | Found a sparkling altar of Nemelex Xobeh.
   234 | D        | Found a white marble altar of Elyvilon.
   235 | D        | Found a roughly hewn altar of Beogh.
   236 | D        | Found a viscous altar of Jiyva.
   237 | D        | Became a worshipper of Vehumet
   238 | D        | Found a corrupted altar of Lugonu.
   239 | D        | Found a blossoming altar of Fedhas.
   240 | D        | Found a snail-covered altar of Cheibriados.
   241 | D        | Found a shadowy altar of Dithmenos.
   242 | D        | Found a stormy altar of Qazlal.
   243 | D        | Found an opulent altar of Gozag.
   244 | D        | Found a sacrificial altar of Ru.
   275 | D        | Noticed a worker ant
   275 | D        | Noticed an ogre
   275 | D        | Noticed a hound
   275 | D        | Noticed a yak
   277 | D        | Slain by a yak

Action                   || total
-------------------------++-------
Melee: Dagger            ||    29
       Rapier            ||     1
 Cast: Corona            ||     3
       Ensorcelled Hiber ||     4
  Use: Potion            ||     1
 Stab: Sleeping          ||     5
